 Dungeon Crawl Stone Soup version 0.30-a0-571-gdf30a72648 (webtiles) character file.

Game seed: 11866050388455689436

611 experimilk the Conjurer (level 7, 0/57 HPs)
             Began as a Pale Draconian Conjurer on Dec 29, 2022.
             Slain by a black bear (3 damage)
             ... on level 4 of the Dungeon.
             The game lasted 00:07:01 (3682 turns).

experimilk the Conjurer (Pale Draconian Conjurer)   Turns: 3682, Time: 00:07:02

Health: 0/57       AC:  6    Str:  9    XL:     7   Next: 20%
Magic:  10/11      EV: 12    Int: 20    God:
Gold:   202        SH:  0    Dex: 10    Spells: 5/12 levels left

rFire   . . .      SeeInvis .    p - +0 rapier
rCold   . . .      Faith    .    (no shield)
rNeg    . . .      Spirit   .    (body armour unavailable)
rPois   .          Reflect  .    (helmet restricted)
rElec   .          Harm     .    q - scarf {+Inv}
rCorr   .          Rampage  .    (no gloves)
Will    .....                    (no boots)
Stlth   ++                       (no amulet)
HPRegen 0.29/turn                (no ring)
MPRegen 0.12/turn                (no ring)

@: brilliant
A: breathe steam, AC +6, unfitting armour, cold-blooded, steam resistance
a: Breathe Steam, Evoke Invisibility


You were on level 4 of the Dungeon.
You visited 1 branch of the dungeon, and saw 4 of its levels.

You collected 202 gold pieces.

Inventory:

Hand Weapons
 d - a +0 short sword
 p - a +0 rapier (weapon)
Armour
 f - a +0 cloak
 q - a scarf of invisibility (worn)
Jewellery
 g - a ring of magical power
Scrolls
 b - a scroll of vulnerability
 c - a scroll of poison {unknown}
 j - a scroll of enchant armour {unknown}
 k - a scroll of fear {unknown}
 l - a scroll of enchant weapon {unknown}
 m - 2 scrolls of magic mapping
 n - a scroll of teleportation {unknown}
 r - a scroll of identify
Potions
 a - a potion of ambrosia
 h - a potion of might {unknown}
 o - a potion of heal wounds {unknown}


   Skills:
 - Level 3.0 Fighting
 - Level 1.7 Dodging
 - Level 1.7 Stealth
 + Level 3.2 Spellcasting
 * Level 7.4 Conjurations
 * Level 1.7 Translocations


You had 5 spell levels left.
You knew the following spells:

 Your Spells              Type           Power      Damage    Failure   Level
a - Magic Dart            Conj           100%       1d8       1%          1
x - Iskenderun's Mystic   Conj/Tloc      32%        2d8       22%         4
z - Searing Ray           Conj           98%        2d8       1%          2

Your spell library contained the following spells:

 Spells                   Type           Power      Damage    Failure   Level
 Dazzling Flash           Conj/Hex       54%        N/A       9%          3
 Gell's Gravitas          Tloc           15%        N/A       21%         3
 Teleport Other           Tloc           15%        N/A       21%         3
 Ensorcelled Hibernation  Hex/Ice        8%         N/A       22%         2
 Passwall                 Tmut/Erth      3%         N/A       22%         2
 Fulminant Prism          Conj/Hex       13%        3d9       30%         4
 Swiftness                Air            4%         N/A       38%         3
 Starburst                Conj/Fire      13%        6d6       99%         6
 Dispersal                Tloc           7%         N/A       100%        6


Dungeon Overview and Level Annotations

Branches:
Dungeon (4/15)
 Temple: D:4-7

Altars:

Annotations:
D:4 Dowan


Innate Abilities, Weirdness & Mutations

You can breathe blasts of scalding, opaque steam.
Your pale cyan-grey scales are hard. (AC +6)
You cannot fit into any form of body armour.
You are cold-blooded and may be slowed by cold attacks.
You are immune to the effects of steam.


Message History

The black bear barely misses you.
You bump into the rock wall.
You have got your breath back.
The black bear bites you.
The black bear claws you but does no damage.
The black bear claws you.
* * * LOW HITPOINT WARNING * * *
The black bear attacks as you move away!
The black bear bites you.
* * * LOW HITPOINT WARNING * * *
The black bear claws you.
* * * LOW HITPOINT WARNING * * *
The black bear claws you.
* * * LOW HITPOINT WARNING * * *
Dowan casts a spell.
Dowan blinks!
You bump into the rock wall.
The black bear bites you.
* * * LOW HITPOINT WARNING * * *
The black bear claws you but does no damage.
The black bear barely misses you.
You bump into the rock wall.
You feel less invigorated.
You feel less confused. The black bear bites you!
* * * LOW HITPOINT WARNING * * *
The black bear claws you but does no damage.
The black bear barely misses you.
Casting: Searing Ray (safe; 1% risk of failure)
Confirm with . or Enter, or press ? or * to list all spells.
Aiming: Searing Ray (safe; 1% risk of failure)
Press: ? - help, Shift-Dir - straight line, f/p - black bear
Aim: a black bear (moderately wounded, 87% to hit)
You feel a surge of power!
The searing ray hits the black bear!
The black bear is severely wounded. (Press . to maintain the ray.) Dowan hits you with a +0 dagger.
* * * LOW HITPOINT WARNING * * *
The black bear bites you.
* * * LOW HITPOINT WARNING * * *
The black bear barely misses you. The black bear claws you.
You die...

....§# #≈....#
...§≈## ##§.....##
....≈≈####§§§.....#
...$.≈≈≈≈≈≈.§.....#
................).#
.##..........##..†#
..#...[......#..#.#
...............##h#
.......#.......e@.#
......#≈#......####
...#..........##
.#.###)......##
.#.# #......## ...#
##.....# ..##
#.......# #.#
.........#
............#


You could see a black bear and Dowan (fast).

Vanquished Creatures
  Eustachio (D:4)
  Duvessa (D:4)
  A phantom (D:4)
  A scorpion (D:4)
  A hound (D:4)
  A jelly (D:3)
  Natasha (thrice) (D:4)
  4 adders
  A dart slug (D:3)
  An orc (D:4)
  4 bats
  5 endoplasms
  6 giant cockroaches
  11 goblins
  4 hobgoblins
  3 jackals (D:1)
  4 quokkas
  6 ball pythons
  3 frilled lizards
  4 kobolds
  4 rats
69 creatures vanquished.

Notes
Turn   | Place    | Note
-------+----------+-------------------------------------------
     0 | D:1      | experimilk the Draconian Conjurer began the quest for the
                  | Orb.
     0 | D:1      | Reached XP level 1. HP: 14/14 MP: 3/3
   279 | D:1      | Reached XP level 2. HP: 22/22 MP: 3/5
   282 | D:1      | Learned a level 2 spell: Searing Ray
   407 | D:1      | Reached skill level 1 in Fighting
  1309 | D:2      | Reached XP level 3. HP: 27/28 MP: 0/6
  2119 | D:3      | Reached XP level 4. HP: 36/36 MP: 1/7
  2235 | D:3      | Reached skill level 5 in Conjurations
  3117 | D:4      | Noticed Eustachio
  3127 | D:4      | Noticed Natasha
  3129 | D:4      | Killed Eustachio
  3130 | D:4      | Reached skill level 6 in Conjurations
  3130 | D:4      | Reached XP level 5. HP: 24/45 MP: 5/9
  3136 | D:4      | Killed Natasha
  3137 | D:4      | Reached XP level 6. HP: 25/51 MP: 0/10
  3203 | D:4      | Noticed Natasha
  3210 | D:4      | Killed Natasha
  3220 | D:4      | Noticed Natasha
  3227 | D:4      | Killed Natasha
  3531 | D:4      | Reached skill level 7 in Conjurations
  3539 | D:4      | Noticed Duvessa
  3555 | D:4      | Noticed Dowan
  3617 | D:4      | Learned a level 4 spell: Iskenderun's Mystic Blast
  3670 | D:4      | Killed Duvessa
  3671 | D:4      | Reached skill level 1 in Translocations
  3671 | D:4      | Your scales start taking on a pale cyan-grey colour.
  3671 | D:4      | Reached XP level 7. HP: 30/57 MP: 1/11
  3671 | D:4      | Gained mutation: You are immune to the effects of steam.
                  | [Pale Draconian growth]
  3682 | D:4      | Slain by a black bear

Illustrated notes

Levels and vault maps discovered:
D:1:      ncdulo_watergridlock, layout_loops_corners
D:2:      layout_basic
D:3:      layout_basic, minmay_unequal
D:4:      layout_rooms, kennysheep_decorative_pillar, minmay_misc_feat_square,
          minmay_small_thing, uniq_eustachio, uniq_duvessa, uniq_natasha

Skill      XL: |  1  2  3  4  5  6 |
---------------+-------------------+-----
Fighting       | 1 3 |  3.0
Conjurations   | 6 7 |  7.4
Spellcasting   | 3 |  3.2
Translocations | 1 |  1.7
Dodging        | |  1.7
Stealth        | |  1.7

Action                   |  1- 3 |  4- 6 |  7- 9 || total
-------------------------+-------+-------+-------++-------
Melee: Unarmed           |    22 |       |       ||    22
       Tailslap          |     6 |     3 |       ||     9
       Short sword       |     6 |     5 |       ||    11
       Rapier            |       |     7 |     1 ||     8
 Cast: Magic Dart        |    57 |    35 |       ||    92
       Searing Ray       |     4 |    22 |     2 ||    28
 Abil: Breathe Steam     |       |       |     1 ||     1
  Use: Scroll            |     4 |     1 |       ||     5
       Potion            |       |     2 |     2 ||     4
Armor: Skin              |    17 |    18 |     9 ||    44
Dodge: Dodged            |    22 |    24 |    10 ||    56

Table legend: (Time is in decaauts)
 A = Elapsed time spent in this place.
 B = Non-inter-level travel time spent in this place.
 C = Inter-level travel time spent in this place.
 D = Time resting spent in this place.
 E = Time spent auto-exploring this place.
 F = Levels seen in this place.
 G = Mean time per level.
                   A        B        C        D        E       F      G
               +--------+--------+--------+--------+--------+-----+--------+
         Total |   3682 |   3603 |     79 |    225 |   2962 |   4 |  920.5 |
       Dungeon |   3682 |   3603 |     79 |    225 |   2962 |   4 |  920.5 |
               +--------+--------+--------+--------+--------+-----+--------+

Top non-repeatable levels by time:
     D:2: 1086 daAuts
     D:3: 1030 daAuts
     D:1: 999 daAuts
     D:4: 566 daAuts
